 Dungeon Crawl Stone Soup version 0.30-b1-2-g02819fbbbe (webtiles) character file.

Game seed: 2857141868719766347

665 Anothat the Cudgeller (level 7, -1/60 HPs)
             Began as a Gnoll Wanderer on May 10, 2023.
             Slain by an orc warrior
             ... wielding a +0 scimitar
              (19 damage)
             ... on level 5 of the Dungeon.
             The game lasted 00:06:16 (4246 turns).

Anothat the Cudgeller (Gnoll Wanderer)              Turns: 4246, Time: 00:06:17

Health: -1/60      AC:  6    Str: 15 (16) XL:     7   Next: 57%
Magic:  11/11      EV: 10    Int: 11 (12) God:
Gold:   247        SH:  4    Dex:  7 (8)  Spells: 11/11 levels left

rFire   . . .        a - +3 mace
rCold   . . .        b - +0 buckler
rNeg    . . .        g - +0 ring mail
rPois   .            (no helmet)
rElec   .            (no cloak)
rCorr   .            (no gloves)
SInv    .            q - +0 pair of boots
Will    .....        (no amulet)
Stlth   +            (no ring)
HPRegen 0.30/turn    (no ring)
MPRegen 0.12/turn

%: no passive effects
@: no status effects
A: fangs 1, strong nose, distributed training, subdued magic 1
a: no special abilities


You were on level 5 of the Dungeon.
You visited 1 branch of the dungeon, and saw 5 of its levels.

You collected 247 gold pieces.

Inventory:

Hand Weapons
 a - a +3 mace (weapon)
 m - a +0 short sword of electrocution
 p - a +0 great sword
Missiles
 i - 2 silver javelins (quivered)
Armour
 b - a +0 buckler (worn)
 d - a +0 leather armour
 g - a +0 ring mail (worn)
 q - a +0 pair of boots (worn)
 u - a +0 plate armour
Jewellery
 n - an amulet of reflection
Scrolls
 e - 3 scrolls of fear {unknown}
 f - 7 scrolls of identify {unknown}
 h - 2 scrolls of poison {unknown}
 l - 3 scrolls of teleportation {unknown}
 o - a scroll of amnesia {unknown}
 r - a scroll of vulnerability {unknown}
 t - a scroll of noise {unknown}
Potions
 j - a potion of heal wounds {unknown}
 k - 2 potions of lignification
 s - a potion of flight {unknown}


   Skills:
 + Level 7.1 Fighting
 + Level 2.7 Short Blades
 + Level 2.7 Long Blades
 + Level 2.7 Axes
 + Level 7.1 Maces & Flails
 + Level 2.7 Polearms
 + Level 2.7 Staves
 + Level 2.7 Ranged Weapons
 + Level 3.8 Throwing
 + Level 2.7 Armour
 + Level 2.7 Dodging
 + Level 2.7 Stealth
 + Level 3.8 Shields
 + Level 2.7 Unarmed Combat
 + Level 2.7 Spellcasting
 + Level 2.2 Conjurations
 + Level 2.2 Hexes
 + Level 2.2 Summonings
 + Level 2.2 Necromancy
 + Level 2.2 Translocations
 + Level 2.2 Transmutations
 + Level 2.2 Fire Magic
 + Level 2.2 Ice Magic
 + Level 2.2 Air Magic
 + Level 2.2 Earth Magic
 + Level 2.2 Poison Magic
 + Level 3.0 Invocations
 + Level 5.3 Evocations


You had 11 spell levels left.
You didn't know any spells.
Your spell library was empty.

Dungeon Overview and Level Annotations

Branches:
Dungeon (5/15)
 Temple: D:4-7

Altars:
Dithmenos
Wu Jian


Innate Abilities, Weirdness & Mutations

You have very sharp teeth.
Your uncanny sense of smell can sniff out nearby items.
Your experience applies equally to all skills.
Your spells are a little easier to cast, but a little less powerful.


Message History

You kill the orc!
The orc warrior hits you with a +0 scimitar!
You hit the orc warrior but do no damage.
The orc warrior hits you with a +0 scimitar!
You completely miss the orc warrior.
The orc warrior hits you with a +0 scimitar!
* * * LOW HITPOINT WARNING * * *
Okay, then.
You aren't carrying any items that you can evoke.
Okay, then.
Throw: throwing net
Press: ? - help, Shift-Dir - straight line, f - orc warrior
Aim: an orc warrior, wielding a +0 scimitar and wearing a +0 plate armour (57% to hit)
You throw a throwing net. The throwing net hits the orc warrior.
The orc warrior is caught in the net!
The orc warrior struggles against the net.
You hit the orc warrior but do no damage.
The orc warrior struggles against the net.
You hit the orc warrior but do no damage.
The orc warrior struggles against the net.
You hit the orc warrior.
The orc warrior is lightly wounded.
The orc warrior struggles against the net.
You hit the orc warrior but do no damage.
The orc warrior is lightly wounded.
The orc warrior struggles against the net.
You hit the orc warrior.
The orc warrior is moderately wounded.
The orc warrior struggles against the net.
The net rips apart, and the orc warrior comes free!
You block the orc warrior's attack.
Okay, then.
Throw: 3 javelins (silver)
Press: ? - help, Q - select action Shift-Dir - straight line, f/p - orc warrior
Aim: an orc warrior, wielding a +0 scimitar and wearing a +0 plate armour (moderately wounded, 57% to hit)
You throw a silver javelin.
The silver javelin pierces through the orc warrior but does no damage.
The orc warrior is moderately wounded.
The orc warrior hits you with a +0 scimitar!!
You die...

#.....................#######..##
.........................##.#..#
.......................#
...........###..).##...#
.....#.#...##.....##...#
.......#....##.....#..##
.......#....#.)........
.......#..#.......#....#
.(....)o@........###...#
.###.............###...
#..).........### #..
................# ##
.#.#..[....##..... #
#....#.##...... .#..##.. ..#....
..... .#. ...... .##[


You could see an orc warrior.

Vanquished Creatures
  Grinder (D:3)
  A centaur (D:5)
  Blork the orc (D:5)
  2 hounds
  3 orc wizards (D:5)
  4 gnolls
  6 adders
  A worm (D:2)
  3 dart slugs
  9 orcs
  2 bats
  7 endoplasms
  2 giant cockroaches
  8 goblins
  8 hobgoblins
  3 jackals (D:1)
  4 quokkas
  3 ball pythons
  6 frilled lizards
  3 kobolds
  3 rats
80 creatures vanquished.

Notes
Turn   | Place    | Note
-------+----------+-------------------------------------------
     0 | D:1      | Anothat the Gnoll Wanderer began the quest for the Orb.
     0 | D:1      | Anothat set off with the following items: a +3 mace, a +0
                  | buckler, a potion of haste, a +0 leather armour.
     0 | D:1      | Reached XP level 1. HP: 23/23 MP: 1/1
   239 | D:1      | Reached XP level 2. HP: 21/29 MP: 2/2
   529 | D:1      | Reached XP level 3. HP: 26/35 MP: 3/3
   769 | D:1      | Found a faded altar of an unknown god.
  1008 | D:2      | Reached skill level 1 in Invocations
  1075 | D:2      | Reached skill level 1 in Short Blades
  1075 | D:2      | Reached skill level 1 in Long Blades
  1075 | D:2      | Reached skill level 1 in Axes
  1075 | D:2      | Reached skill level 1 in Polearms
  1075 | D:2      | Reached skill level 1 in Staves
  1075 | D:2      | Reached skill level 1 in Ranged Weapons
  1075 | D:2      | Reached skill level 1 in Armour
  1075 | D:2      | Reached skill level 1 in Dodging
  1075 | D:2      | Reached skill level 1 in Stealth
  1075 | D:2      | Reached skill level 1 in Unarmed Combat
  1075 | D:2      | Reached skill level 1 in Spellcasting
  1379 | D:2      | Reached XP level 4. HP: 41/41 MP: 5/5
  1547 | D:3      | Reached skill level 1 in Conjurations
  1547 | D:3      | Reached skill level 1 in Hexes
  1547 | D:3      | Reached skill level 1 in Summonings
  1547 | D:3      | Reached skill level 1 in Necromancy
  1547 | D:3      | Reached skill level 1 in Translocations
  1547 | D:3      | Reached skill level 1 in Transmutations
  1547 | D:3      | Reached skill level 1 in Fire Magic
  1547 | D:3      | Reached skill level 1 in Ice Magic
  1547 | D:3      | Reached skill level 1 in Air Magic
  1547 | D:3      | Reached skill level 1 in Earth Magic
  1547 | D:3      | Reached skill level 1 in Poison Magic
  1717 | D:3      | Noticed Grinder
  1720 | D:3      | Paralysed by Grinder for 2 turns
  1737 | D:3      | Killed Grinder
  1738 | D:3      | Reached skill level 5 in Evocations
  1738 | D:3      | Reached XP level 5. HP: 19/47 MP: 5/8
  1738 | D:3      | Reached XP level 6. HP: 21/53 MP: 5/9
  2243 | D:3      | Gained mutation: Your spells are a little easier to cast,
                  | but a little less powerful. [potion of mutation]
  2246 | D:3      | HP: 3/79 [poisoned by an adder]
  2626 | D:4      | Found a shadowy altar of Dithmenos.
  3458 | D:4      | Found an ornate altar of the Wu Jian Council.
  3637 | D:5      | Entered Level 5 of the Dungeon
  3672 | D:5      | Noticed Blork the orc
  3696 | D:5      | Killed Blork the orc
  3697 | D:5      | Reached XP level 7. HP: 25/60 MP: 10/10
  4246 | D:5      | Slain by an orc warrior

Illustrated notes

Levels and vault maps discovered:
D:1:      nzn_arrival_settlement, layout_loops_corners,
          dreamdust_ecumenical_altar_sealed_demon
D:2:      layout_basic, serial_curves, eino_curves_01, eino_curves_02
D:3:      layout_basic, hangedman_abyss_or_decor_lesser_grid,
          minmay_pentomino_pile, uniq_grinder
D:4:      layout_loops_corners, pdpol_wu_jian_five_deadly_venoms,
          kennysheep_mini_moat
D:5:      layout_cave_pools, kennysheep_generic_room_5, uniq_blork_the_orc

Skill      XL: |  1  2  3  4  5  6  7 |
---------------+----------------------+-----
Invocations    | 1 2 3 |  3.0
Short Blades   | 1 2 |  2.7
Long Blades    | 1 2 |  2.7
Axes           | 1 2 |  2.7
Polearms       | 1 2 |  2.7
Staves         | 1 2 |  2.7
Ranged Weapons | 1 2 |  2.7
Armour         | 1 2 |  2.7
Dodging        | 1 2 |  2.7
Stealth        | 1 2 |  2.7
Unarmed Combat | 1 2 |  2.7
Spellcasting   | 1 2 |  2.7
Conjurations   | 1 2 |  2.2
Hexes          | 1 2 |  2.2
Summonings     | 1 2 |  2.2
Necromancy     | 1 2 |  2.2
Translocations | 1 2 |  2.2
Transmutations | 1 2 |  2.2
Fire Magic     | 1 2 |  2.2
Ice Magic      | 1 2 |  2.2
Air Magic      | 1 2 |  2.2
Earth Magic    | 1 2 |  2.2
Poison Magic   | 1 2 |  2.2
Throwing       | 3 |  3.8
Shields        | 3 |  3.8
Evocations     | 5 |  5.3
Fighting       | 7 |  7.1
Maces & Flails | 7 |  7.1

Action                     |  1- 3 |  4- 6 |  7- 9 || total
---------------------------+-------+-------+-------++-------
  Melee: Mace              |    77 |    58 |    75 ||   210
         Bite              |     8 |    16 |     4 ||    28
         Short sword       |       |   128 |       ||   128
  Throw: Javelin           |       |       |     1 ||     1
         Throwing net      |       |       |     1 ||     1
    Use: Potion            |       |     6 |       ||     6
   Stab: Sleeping          |       |     1 |       ||     1
 Armour: Leather armour    |    22 |    26 |       ||    48
         Skin              |       |    22 |       ||    22
         Ring mail         |       |    16 |    35 ||    51
  Dodge: Dodged            |    36 |    71 |    25 ||   132
  Block: Buckler           |    12 |    26 |    13 ||    51
